 Dungeon Crawl Stone Soup version 0.30-a0-553-g7fabdf1491 (webtiles) character file.

Game seed: 13982411687856025205

105 arthad the Digger (level 4, -2/36 HPs)
             Began as a Gargoyle Earth Elementalist on Dec 26, 2022.
             Was a Follower of Cheibriados.
             Killed from afar by an orc wizard (11 damage)
             ... with a puff of flame
             ... on level 3 of the Dungeon.
             The game lasted 00:02:36 (2023 turns).

arthad the Digger (Gargoyle Earth Elementalist)     Turns: 2023, Time: 00:02:36

Health: -2/36      AC: 22    Str: 14    XL:     4   Next: 81%
Magic:  0/8        EV:  2    Int: 19    God:    Cheibriados [*.....]
Gold:   124        SH:  0    Dex: 12    Spells: 7/8 levels left

rFire   . . .      SeeInvis .    (no weapon)
rCold   . . .      Faith    .    (no shield)
rNeg    + . .      Spirit   .    (body armour currently unavailable)
rPois   ∞          Reflect  .    (helmet currently unavailable)
rElec   .          Harm     .    (cloak currently unavailable)
rCorr   .          Rampage  .    (gloves currently unavailable)
Will    .....      NoTele   +    (boots currently unavailable)
Stlth   ++                       (no amulet)
HPRegen 0.26/turn                (no ring)
MPRegen 0.11/turn                (no ring)

@: tree-form, weak-willed, very slow
A: stationary, stasis, torment immunity, boosted hp, sickness immunity, AC +3,
negative energy resistance 1, (electricity resistance), torment resistance 1,
petrification resistance
a: Renounce Religion, Bend Time


You were on level 3 of the Dungeon.
You worshipped Cheibriados.
Cheibriados was aware of your devotion.
You were a tree.
You visited 1 branch of the dungeon, and saw 3 of its levels.

You collected 124 gold pieces.

Inventory:

Hand Weapons
 i - a +2 dagger of speed
Armour
 a - a +0 robe (melded)
Scrolls
 f - 2 scrolls of identify
 n - a scroll of torment {unknown}
Potions
 b - a potion of magic
 c - a potion of cancellation
 e - a potion of degeneration {unknown}
 h - a potion of lignification
 j - a potion of curing {unknown}
 k - 3 potions of mutation {unknown}
 l - a potion of flight {unknown}


   Skills:
 + Level 2.1 Dodging
 * Level 3.3 Stealth
 * Level 2.8 Spellcasting
 - Level 1.0 Transmutations
 * Level 4.6 Earth Magic


You had 7 spell levels left.
You knew the following spells:

 Your Spells              Type           Power      Damage    Failure   Level
a - Sandblast             Erth           40%        2d10      2%          1

Your spell library contained the following spells:

 Spells                   Type           Power      Damage    Failure   Level
 Passwall                 Tmut/Erth      10%        N/A       8%          2
 Stone Arrow              Conj/Erth      22%        3d8       19%         3
 Petrify                  Tmut/Erth      13%        N/A       43%         4


Dungeon Overview and Level Annotations

Branches:
Dungeon (3/15)

Altars:
Cheibriados
Dithmenos


Innate Abilities, Weirdness & Mutations

You are a tree.
Your roots penetrate the ground, keeping you stationary.
You cannot be teleported.
You are immune to unholy pain and torment.
Your maximum health is greatly increased.
Your equipment is partially melded.
You are immune to sickness and miasma.
((Your stone body is resilient. (AC +3)))
You are immune to poison.
You resist negative energy. (rN+)
((You are resistant to electric shocks. (rElec)))
You are resistant to unholy torment.
You are immune to petrification.


Message History

The bat closely misses you.
The orc wizard points at you and mumbles some strange words.
The magic dart hits you but does no damage.
Aiming: Sandblast (safe; 2% risk of failure)
Press: ? - help, Q - select action, (/) - cycle Shift-Dir - straight line, f/p - orc wizard
Aim: an orc wizard, wielding a +2 dagger of venom and wearing a +0 robe (moderately wounded, 77% to hit)
The blast of sand hits the orc wizard!
The orc wizard is almost dead.
The bat barely misses you. The bat hits you but does no damage.
Aiming: Sandblast (safe; 2% risk of failure)
Press: ? - help, Q - select action, (/) - cycle Shift-Dir - straight line, f/p - orc wizard
Aim: an orc wizard, wielding a +2 dagger of venom and wearing a +0 robe (almost dead, 77% to hit)
The blast of sand hits the orc wizard.
You kill the orc wizard!
Cheibriados thoroughly appreciates the change of pace.
The bat hits you but does no damage.
You hear some strange, mumbled words.
A magic dart appears from out of thin air!
The magic dart hits you. Something hits you. The bat hits you.
Aiming: Sandblast (safe; 2% risk of failure)
Press: ? - help, Q - select action, (/) - cycle Shift-Dir - straight line The blast of sand hits something.
The bat hits you but does no damage. Something hits you.
* * * LOW HITPOINT WARNING * * *
Unknown command.
It was a potion of lignification.
You turn into a tree.
Your +0 robe melds into your body.
Your roots penetrate the ground.
The bat hits you.
* * * LOW HITPOINT WARNING * * *
Something hits you but does no damage.
You cannot move.
You cannot move.
Okay, then.
You smack something!
The bat hits you but does no damage. x2
Something hits you but does no damage.
You barely miss something. The bat hits you but does no damage. x2
You hear some strange, mumbled words.
A puff of flame appears from out of thin air!
The puff of flame hits you!
You die...

.. ..###.. #.#
#b.#..#
..##.....##.
.....bb....
.b).bb...#
##..._...##
...##..{b.....#
.......♣.......
(##..##.b...##.
# #..#?.# ..##
..# ..# ...
##.. .# #.. .
...


You could see a bat.

Vanquished Creatures
  An orc priest (D:3)
  An orc wizard (D:3)
  An adder (D:2)
  An orc (D:3)
  5 ball pythons
  4 bats
  6 endoplasms
  3 goblins
  4 hobgoblins
  5 kobolds
  3 quokkas
  2 frilled lizards
  4 rats
40 creatures vanquished.

Vanquished Creatures (others)
  A fungus (D:2)
1 creature vanquished.

Grand Total: 41 creatures vanquished

Notes
Turn   | Place    | Note
-------+----------+-------------------------------------------
     0 | D:1      | arthad the Gargoyle Earth Elementalist began the quest for
                  | the Orb.
     0 | D:1      | Reached XP level 1. HP: 10/10 MP: 3/3
   209 | D:1      | Reached skill level 1 in Transmutations
   209 | D:1      | Reached XP level 2. HP: 15/15 MP: 1/5
   888 | D:1      | Reached skill level 4 in Earth Magic
   895 | D:1      | Reached XP level 3. HP: 19/19 MP: 3/6
  1561 | D:2      | Found a faded altar of an unknown god.
  1925 | D:2      | Prayed at the altar of an unknown god.
  1925 | D:2      | Became a worshipper of Cheibriados the Contemplative
  1925 | D:2      | Reached * piety under Cheibriados
  2013 | D:3      | Found a shadowy altar of Dithmenos.
  2016 | D:3      | Reached XP level 4. HP: 15/24 MP: 4/7
  2023 | D:3      | Killed from afar by an orc wizard

Illustrated notes

Levels and vault maps discovered:
D:1:      lemuel_arrival_muddy, layout_basic
D:2:      layout_basic, shapermc_ecumenical_altar_ellora
D:3:      layout_loops_ring, nicolae_dithmenos_shadow_blocks,
          hellmonk_ghost_happy_afterlife, gup_sewer_entry_bubbles,
          nicolae_elevator_lobby_plus, uniq_jessica

Skill      XL: |  1  2  3 |
---------------+----------+-----
Transmutations | 1 |  1.0
Earth Magic    | 4 |  4.6
Dodging        | 2 |  2.1
Stealth        | 3 |  3.3
Spellcasting   | |  2.8

Action                   |  1- 3 |  4- 6 || total
-------------------------+-------+-------++-------
Melee: Unarmed           |     4 |     2 ||     6
 Cast: Sandblast         |    54 |     5 ||    59
  Use: Scroll            |     4 |       ||     4
       Potion            |       |     1 ||     1
Armor: Robe              |     6 |     5 ||    11
       Skin              |       |     6 ||     6
Dodge: Dodged            |    18 |     3 ||    21

Table legend: (Time is in decaauts)
 A = Elapsed time spent in this place.
 B = Non-inter-level travel time spent in this place.
 C = Inter-level travel time spent in this place.
 D = Time resting spent in this place.
 E = Time spent auto-exploring this place.
 F = Levels seen in this place.
 G = Mean time per level.
                   A        B        C        D        E       F      G
               +--------+--------+--------+--------+--------+-----+--------+
         Total |   2074 |   1999 |     75 |     79 |   1703 |   3 |  691.3 |
       Dungeon |   2074 |   1999 |     75 |     79 |   1703 |   3 |  691.3 |
               +--------+--------+--------+--------+--------+-----+--------+

Top non-repeatable levels by time:
     D:1: 1173 daAuts
     D:2: 883 daAuts
     D:3: 17 daAuts
